Map: Coda LE (Void)

Players

Shamanas - Winner!

  • Race: Terran Terran

CzoLgI

  • Race: Protoss Protoss

VOD

Have the link to the VOD?

Description

Time

  • Played on: May 1, 2015, 3:37 a.m.
  • Length: 22:16
Show
View Real Time Build Order
Export as new Build Order

Shamanas Terran - Winner!

Build Orders:  

Get SALT Encoding   

  12  0:01  SCV  
  13  0:13  SCV  
  14  0:18  Supply Depot  
  14  0:26  SCV  
  15  0:41  Refinery  
  15  0:43  Barracks  
  15  0:45  SCV  
  16  0:57  SCV  
  17  1:04  Barracks  
  17  1:09  SCV  
  18  1:18  Supply Depot  
  18  1:21  SCV  
  19  1:37  Orbital Command  
  19  1:43  Reaper  
  20  1:52  Reaper  
  21  2:03  SCV  
  22  2:15  Reaper  
  23  2:24  Command Center, Reaper  
  23  2:27  SCV  
  25  2:39  SCV  
  26  2:46  Supply Depot  
  26  2:47  Reaper  
  27  2:57  Reaper  
  27  2:58  SCV  
  29  3:02  Refinery  
  29  3:10  SCV  
  30  3:13  Command Center  
  30  3:19  Reaper  
  31  3:27  SCV  
  32  3:35  Supply Depot  
  32  3:36  Orbital Command  
  32  3:39  SCV  
  33  3:44  Factory  
  33  3:48  Barracks Reactor  
  33  3:53  Barracks Tech Lab  
  33  3:57  SCV  
  33  4:01  Orbital Command  
  34  4:14  Missile Turret  
  34  4:17  Factory  
  34  4:21  SCV  
  35  4:28  Orbital Command  
  35  4:29  SCV  
  36  4:36  Missile Turret  
  36  4:39  SCV  
  36  4:41  SCV  
  34  5:00  SCV x3  
  34  5:03  Refinery x2  
  34  5:04  Cyclone, Hellion  
  34  5:05  Hellion  
  44  5:12  SCV x2  
  46  5:15  Starport  
  45  5:25  SCV x3  
  48  5:30  Hellion x2  
  48  5:33  Armory  
  48  5:34  Engineering Bay  
  52  5:41  SCV x2  
  54  5:44  Cyclone  
  57  5:51  Hellion x2  
  57  5:52  Armory  
  61  5:59  Orbital Command  
  58  6:09  SCV x2  
  59  6:11  Missile Turret  
  59  6:16  Hellion x2  
  59  6:18  Starport Tech Lab  
  63  6:20  Cyclone  
  66  6:26  Factory, Terran Vehicle and Ship Weapons Level 1  
  66  6:28  SCV x3  
  69  6:40  SCV  
  69  6:41  SCV  
  69  6:42  SCV  
  69  6:44  Terran Vehicle And Ship Armor Level 1  
  69  6:46  Hellion x2  
  76  6:49  Cloaking Field  
  76  6:52  SCV  
  76  6:53  Supply Depot  
  76  6:54  Supply Depot, Refinery  
  77  6:55  Supply Depot, Refinery  
  75  7:11  SCV x2  
  75  7:12  Factory Tech Lab  
  75  7:13  Hellion  
  75  7:14  Banshee, Cyclone  
  75  7:15  Hellion  
  72  7:24  SCV x2  
  72  7:25  Starport  
  74  7:30  SCV  
  74  7:31  Command Center  
  74  7:36  Supply Depot, SCV x2  
  77  7:39  Hellion x2  
  77  7:40  Cyclone  
  77  7:42  Infernal Pre-Igniter  
  77  7:43  SCV  
  85  7:48  SCV  
  86  7:54  Engineering Bay  
  86  7:58  SCV x2  
  88  8:01  SCV, Cyclone  
  88  8:02  Hellbat  
  94  8:09  Banshee  
  94  8:12  Cyclone  
  100  8:19  Missile Turret  
  100  8:21  SCV  
  100  8:22  SCV  
  100  8:23  Terran Vehicle and Ship Weapons Level 2  
  102  8:35  Supply Depot  
  102  8:36  Supply Depot, Hellbat x2  
  102  8:37  Supply Depot, Cyclone  
  100  8:44  Cyclone  
  100  8:47  SCV x3, Missile Turret  
  107  8:49  Orbital Command  
  107  8:51  Missile Turret x2  
  106  8:56  Starport Reactor  
  106  8:58  Missile Turret  
  106  9:01  Terran Vehicle And Ship Armor Level 2  
  106  9:03  SCV  
  106  9:04  SCV  
  106  9:05  SCV  
  106  9:06  Missile Turret  
  109  9:15  SCV  
  110  9:18  SCV x3  
  113  9:27  SCV, Starport, Missile Turret  
  113  9:28  Starport  
  113  9:31  Cyclone, Hellbat x2  
  121  9:38  Cyclone  
  121  9:39  Viking  
  121  9:41  Viking  
  128  9:54  Banshee  
  128  9:57  Missile Turret, Fusion Core  
  131  10:07  SCV x2  
  132  10:14  Cyclone, Hellbat  
  136  10:15  Orbital Command, Starport Tech Lab x2  
  136  10:18  Missile Turret  
  136  10:19  Refinery, Missile Turret  
  136  10:20  Refinery  
  138  10:22  Missile Turret  
  138  10:29  Viking  
  140  10:38  Supply Depot  
  140  10:39  Supply Depot  
  140  10:49  Missile Turret  
  140  10:51  Missile Turret  
  140  10:53  Viking  
  140  10:59  Supply Depot  
  140  11:00  SCV x4, Terran Vehicle and Ship Weapons Level 3  
  144  11:06  Supply Depot  
  144  11:07  Supply Depot  
  143  11:12  SCV x4  
  143  11:14  Cyclone x2, Missile Turret  
  143  11:15  Hellbat  
  155  11:21  Banshee, Raven x2  
  155  11:24  SCV  
  161  11:30  Terran Vehicle And Ship Armor Level 3  
  161  11:32  Hyperflight Rotors  
  161  11:49  Viking x2  
  161  11:51  Cyclone x2  
  161  11:52  Hellbat x2  
  175  12:05  SCV x4  
  179  12:17  SCV  
  179  12:18  Command Center  
  180  12:24  Viking  
  179  12:31  Barracks  
  179  12:33  Ghost Academy  
  179  12:34  Barracks  
  179  13:03  Missile Turret  
  179  13:05  Missile Turret  
  179  13:07  Supply Depot x2  
  179  13:08  Supply Depot x2, Refinery  
  179  13:12  Refinery  
  179  13:23  Banshee  
  180  13:28  Cyclone x2, Viking  
  180  13:29  Banshee x2, Hellbat x2  
  195  13:44  Missile Turret  
  195  13:46  Missile Turret  
  195  13:47  Missile Turret  
  192  14:00  Barracks Tech Lab x2  
  192  14:01  Hellbat x2  
  158  14:03  Viking x2  
  158  14:06  Viking  
  156  14:12  Banshee  
  152  14:17  Missile Turret  
  147  14:25  Missile Turret  
  134  14:32  Planetary Fortress  
  134  14:33  SCV x2  
  134  14:34  SCV x2  
  130  14:45  SCV  
  130  14:46  SCV  
  130  14:50  Refinery  
  129  14:57  Cyclone x2  
  129  14:58  Banshee x3, Hellbat x2  
  148  15:05  Ghost  
  148  15:06  Ghost  
  152  15:16  Starport  
  152  15:27  SCV x2  
  152  15:28  SCV x2  
  156  15:29  Thor, Starport  
  162  15:37  Ghost x2  
  166  15:45  Cyclone, Hellbat x2  
  166  15:46  Banshee  
  166  15:47  Banshee x2  
  166  15:48  Viking x2  
  182  16:06  Starport Tech Lab  
  182  16:09  Ghost x2  
  186  16:12  Cyclone  
  186  16:15  Building Armor  
  189  16:20  Barracks  
  189  16:24  Cyclone, Hellbat x2  
  189  16:25  Banshee  
  199  16:54  Cyclone  
  200  16:59  Banshee x3, Viking  
  200  17:00  Viking  
  166  17:18  Banshee, Hellbat x2  
  170  17:32  Cyclone  
  170  17:33  Cyclone, Ghost x2  
  180  17:41  Banshee  
  180  17:42  Banshee x2  
  189  17:50  Viking x2  
  193  17:51  Hellbat  
  193  17:52  Hellbat  
  193  17:57  Command Center x3  
  197  18:02  Missile Turret  
  197  18:03  Ghost, Missile Turret  
  197  18:04  Missile Turret  
  199  18:08  Refinery  
  199  18:15  Starport Tech Lab  
  199  18:18  Barracks Tech Lab, Corvid Reactor  
  199  18:22  Weapon Refit  
  199  18:30  Refinery  
  199  18:32  Starport  
  199  18:34  Starport x2  
  199  18:37  Starport  
  199  18:38  Starport  
  199  18:39  Missile Turret  
  188  19:05  Banshee x4, Behemoth Reactor  
  183  19:31  Banshee  
  183  19:34  Cyclone, Hellbat x2  
  193  19:39  Orbital Command x2  
  193  19:40  Orbital Command  
  184  19:48  Banshee x3  
  184  19:49  SCV  
  184  19:50  SCV x2  
  184  19:52  Banshee  
  193  20:00  Hellbat x2  
  193  20:09  SCV x2  
  193  20:10  SCV x5  
  200  20:25  Unknown  
  200  20:29  Refinery  
  200  20:38  Supply Depot x2  
  200  20:40  Supply Depot x2  
  200  20:55  Banshee  
  200  20:56  Banshee  
  200  21:00  SCV  
  200  21:26  Refinery  
  200  21:29  Viking x2  
  200  21:37  Missile Turret  
  193  21:40  Missile Turret  
  193  21:43  Viking x4  
  193  21:46  SCV x2  
  193  21:47  SCV x4  
  198  21:52  SCV x2  
  198  21:58  SCV  
Show
View Real Time Build Order
Export as new Build Order

CzoLgI Protoss 

Build Orders: 1 Gate Expand 

Get SALT Encoding   

  12  0:00  Probe  
  13  0:13  Pylon  
  13  0:18  Probe  
  14  0:31  Probe (Chrono Boost)  
  15  0:39  Gateway  
  15  0:41  Probe (Chrono Boost)  
  16  0:48  Probe  
  17  0:56  Assimilator  
  17  1:00  Probe (Chrono Boost)  
  17  1:02  Pylon  
  19  1:12  Probe (Chrono Boost)  
  19  1:19  Probe (Chrono Boost)  
  20  1:36  Nexus  
  20  1:47  Cybernetics Core  
  21  1:54  Probe (Chrono Boost)  
  21  1:59  Assimilator  
  21  2:04  Probe (Chrono Boost)  
  22  2:11  Probe (Chrono Boost)  
  23  2:21  Probe (Chrono Boost)  
  24  2:24  Adept  
  24  2:28  Warp Gate (Chrono Boost)  
  26  2:31  Probe  
  27  2:43  Probe  
  28  2:51  Adept  
  30  2:55  Probe  
  31  3:03  Mothership Core (Chrono Boost)  
  33  3:07  Probe (Chrono Boost)  
  34  3:18  Stalker  
  34  3:19  Probe (Chrono Boost)  
  37  3:26  Probe (Chrono Boost)  
  39  3:30  Probe (Chrono Boost)  
  40  3:34  Probe (Chrono Boost)  
  40  3:38  Probe (Chrono Boost)  
  41  3:44  Robotics Facility  
  41  3:48  Stalker, Probe (Chrono Boost)  
  43  3:49  Pylon  
  44  4:00  Pylon  
  44  4:03  Pylon  
  44  4:08  Probe (Chrono Boost)  
  45  4:11  Gateway  
  45  4:13  Gateway  
  45  4:15  Gateway x2  
  45  4:19  Probe  
  46  4:24  Assimilator  
  46  4:27  Assimilator  
  46  4:31  Probe  
  47  4:39  Stalker  
  47  4:43  Probe  
  44  5:04  Stalker  
  46  5:09  Probe  
  46  5:10  Robotics Bay  
  47  5:17  Stalker x3  
  47  5:18  Stalker  
  56  5:23  Probe (Chrono Boost)  
  56  5:29  Probe (Chrono Boost)  
  56  5:33  Stalker  
  59  5:37  Warp Prism (Chrono Boost)  
  59  5:39  Probe (Chrono Boost)  
  59  5:41  Probe (Chrono Boost)  
  63  5:48  Probe (Chrono Boost)  
  63  5:49  Probe (Chrono Boost)  
  63  6:08  Stalker x3  
  67  6:13  Probe  
  67  6:15  Pylon  
  67  6:16  Pylon  
  67  6:17  Pylon  
  68  6:20  Pylon  
  68  6:21  Pylon  
  68  6:27  Pylon  
  68  6:29  Pylon  
  68  6:30  Pylon  
  68  6:37  Zealot x5  
  68  6:39  Probe (Chrono Boost)  
  83  6:40  Disruptor (Chrono Boost)  
  82  6:49  Probe (Chrono Boost)  
  83  7:00  Stalker x4  
  94  7:16  Stalker  
  94  7:20  Disruptor (Chrono Boost)  
  94  7:24  Probe (Chrono Boost)  
  94  7:29  Forge  
  95  7:32  Forge  
  95  7:33  Probe (Chrono Boost)  
  95  7:35  Probe (Chrono Boost)  
  97  7:37  Stalker x2  
  97  7:41  Probe (Chrono Boost)  
  97  7:43  Probe (Chrono Boost)  
  103  7:48  Probe  
  108  8:03  Disruptor x2  
  108  8:04  Nexus, Disruptor (Chrono Boost)  
  108  8:11  Pylon  
  108  8:14  Pylon  
  108  8:18  Probe, Zealot x3  
  108  8:19  Zealot x2  
  119  8:27  Nexus  
  123  8:36  Disruptor (Chrono Boost)  
  123  8:58  Protoss Ground Weapons Level 1, Protoss Ground Armor Level 1  
  123  8:59  Photon Cannon  
  123  9:05  Photon Cannon  
  127  9:11  Disruptor  
  127  9:37  Pylon  
  126  9:42  Photon Cannon  
  126  9:44  Photon Cannon  
  126  9:46  Photon Cannon  
  126  9:48  Zealot x5  
  140  10:01  Photon Cannon  
  140  10:03  Photon Cannon  
  140  10:04  Probe (Chrono Boost)  
  140  10:06  Assimilator  
  142  10:12  Stalker, Assimilator  
  142  10:13  Probe (Chrono Boost)  
  145  10:14  Probe (Chrono Boost)  
  145  10:15  Immortal (Chrono Boost)  
  145  10:19  Probe (Chrono Boost)  
  148  10:24  Probe (Chrono Boost)  
  148  10:27  Probe (Chrono Boost)  
  149  10:29  Probe (Chrono Boost)  
  149  10:30  Twilight Council  
  149  10:34  Probe (Chrono Boost)  
  150  10:42  Immortal (Chrono Boost)  
  155  10:44  Probe (Chrono Boost)  
  155  10:51  Probe  
  156  11:00  Zealot x5  
  166  11:05  Protoss Ground Armor Level 2 (Chrono Boost), Protoss Ground Weapons Level 2 (Chrono Boost)  
  166  11:11  Charge  
  166  11:13  Gateway  
  166  11:14  Gateway  
  166  11:18  Gateway  
  166  11:20  Gateway  
  166  11:21  Probe (Chrono Boost)  
  166  11:22  Gateway  
  165  11:30  Probe (Chrono Boost)  
  167  11:33  Photon Cannon  
  167  11:34  Photon Cannon  
  167  11:35  Probe (Chrono Boost)  
  167  11:38  Probe (Chrono Boost), Photon Cannon  
  168  11:40  Pylon  
  168  11:46  Templar Archives  
  170  11:47  Probe x2 (Chrono Boost)  
  170  11:49  Dark Shrine  
  170  11:54  Observer  
  170  11:55  Probe (Chrono Boost)  
  172  12:06  Probe x2 (Chrono Boost)  
  174  12:14  Stalker x3, Probe (Chrono Boost)  
  179  12:15  Probe (Chrono Boost)  
  179  12:16  Observer  
  179  12:21  Probe  
  179  12:24  Probe  
  179  12:31  Stalker x2  
  179  12:36  Pylon  
  182  12:58  Assimilator  
  179  13:07  Dark Templar x4  
  186  13:20  Disruptor x3  
  186  13:28  Stalker  
  167  14:15  Blink (Chrono Boost)  
  159  14:28  Zealot x3  
  159  14:29  Zealot x3  
  165  14:33  Stalker x4  
  163  14:41  Stargate  
  155  14:47  Stargate  
  155  14:50  Stargate  
  153  14:54  Stargate x2  
  153  14:59  Dark Templar x2  
  157  15:00  Dark Templar  
  157  15:06  Assimilator  
  159  15:10  Zealot x6  
  159  15:11  Zealot  
  173  15:28  Nexus  
  167  15:37  Fleet Beacon  
  167  15:40  Protoss Air Weapons Level 1 (Chrono Boost)  
  167  15:55  High Templar  
  167  15:56  High Templar x7  
  183  16:00  Archon x3  
  183  16:01  Archon  
  183  16:06  Pylon  
  183  16:08  Pylon  
  183  16:12  Assimilator  
  183  16:16  Assimilator  
  183  16:19  Photon Cannon  
  183  16:21  Disruptor x3  
  183  16:28  Photon Cannon  
  183  16:30  Photon Cannon  
  183  16:32  Photon Cannon  
  183  16:34  Photon Cannon  
  183  16:35  Carrier (Chrono Boost)  
  183  16:36  Photon Cannon  
  183  16:38  Photon Cannon  
  183  16:40  Photon Cannon  
  183  16:42  Protoss Ground Weapons Level 3  
  183  16:43  Photon Cannon, Protoss Ground Armor Level 3  
  183  16:45  Photon Cannon  
  183  16:47  Photon Cannon  
  142  17:07  Stalker x3  
  118  17:14  Carrier (Chrono Boost)  
  110  17:20  Observer (Chrono Boost)  
  111  17:23  Zealot x4  
  111  17:24  Zealot x2  
  129  17:45  Zealot x2  
  129  17:46  Zealot x3  
  129  17:49  Carrier (Chrono Boost)  
  139  18:01  Stalker x4  
  153  18:20  Carrier (Chrono Boost)  
  157  18:39  Stalker x3  
  157  18:41  Zealot x4  
  167  18:42  Carrier (Chrono Boost)  
  167  18:47  Stalker x2  
  167  18:48  Stalker  
  175  19:06  Nexus  
  175  19:09  Observer  
  176  19:10  Pylon  
  176  19:13  Pylon  
  176  19:15  Carrier  
  170  19:31  Observer  
  139  19:32  Carrier  
  114  19:56  Zealot x4  
  114  19:57  Zealot x6  
  126  20:17  Dark Templar x4  
  113  21:06  Dark Templar  
  113  21:08  Zealot x4  
  113  21:09  Zealot x4  
Tags
 
Add a new tag
Caveats
  • Supply blocks, unpowered buildings, or Contaminate may cause inaccurate times.
  • Supply counts are checked every 10 seconds.